[Event "Polish University-ch Teams 2024"]
[Site "Lublin"]
[Date "2024.02.24"]
[Round "4.16"]
[White "Leskiewicz, Ignacy"]
[Black "Golenia, Wojciech"]
[Result "0-1"]
[ECO "A13"]
[WhiteElo "2180"]
[BlackElo "2212"]
[Annotator "RC"]
[PlyCount "72"]
[EventDate "2024.02.22"]
[EventType "team-tourn"]
[EventCountry "POL"]
[SourceTitle "playchess.com"]
[Source "ChessBase"]
[SourceQuality "1"]
[TimeControl "900+5"]

1. Nf3 Nf6 2. b3 e6 3. Bb2 b6 4. e3 Bb7 5. c4 d5 6. Nc3 Nbd7 7. Rc1 a6 8. cxd5 exd5 9. Bd3 c5 10. O-O Bd6 11. Bb1 O-O 12. d4 Rc8 13. dxc5 bxc5 14. Na4 Re8 15. Bf5 Rc7 16. Qd3 g6 17. Bxd7 Nxd7 18. Qc3 f6 19. Rfd1 Qe7 20. Ba3 Qe6 21. Qa5 d4 22. Nxd4 Qg4 23. f3 Qh4 24. Nxc5 Qxh2+ 25. Kf1 Bg3 26. Nxb7 Qh1+ 27. Ke2 Qxg2+ 28. Kd3 Ne5+ 29. Qxe5 Bxe5 30. Rxc7 Bxd4 31. Kxd4 Qxa2 32. Nd6 Rd8 33. Kc4 Qc2+ 34. Kb4 Qxc7 35. Ka4 Qc6+ 36. Kb4 Rxd6 0-1

[Event "Polish University-ch Teams 2024"]
[Site "Lublin"]
[Date "2024.02.24"]
[Round "4.17"]
[White "Babiarz, Arkadiusz"]
[Black "Parol, Pola"]
[Result "1-0"]
[ECO "B50"]
[WhiteElo "2159"]
[BlackElo "2030"]
[Annotator "RC"]
[PlyCount "89"]
[EventDate "2024.02.22"]
[EventType "team-tourn"]
[EventCountry "POL"]
[SourceTitle "playchess.com"]
[Source "ChessBase"]
[SourceQuality "1"]
[TimeControl "900+5"]

1. e4 c5 2. Nf3 d6 3. c3 Nf6 4. h3 Nc6 5. Bd3 d5 6. e5 c4 7. Bc2 Nd7 8. Qe2 Qc7 9. e6 fxe6 10. Qxe6 Nf6 11. Qe2 e5 12. O-O Bd6 13. d3 cxd3 14. Bxd3 O-O 15. Bc2 e4 16. Nd4 Be5 17. Be3 Kh8 18. Na3 a6 19. Rac1 b5 20. Bb1 Bd7 21. Nac2 Qc8 22. Nxc6 Bxc6 23. Nd4 Bd7 24. f4 Bd6 25. f5 Qe8 26. Bf4 Bc5 27. Kh1 Nh5 28. Bh2 Nf6 29. g4 Rc8 30. Bc2 Qe7 31. Bb3 Bd6 32. Rcd1 Bxh2 33. Qxh2 Qc5 34. Ne2 Qe3 35. Nf4 Bc6 36. g5 Nd7 37. Ne6 Rfe8 38. Bxd5 Bxd5 39. Rxd5 Nb6 40. Rd4 Nc4 41. Rd7 Rg8 42. g6 h6 43. f6 gxf6 44. g7+ Kh7 45. Nf8+ 1-0

[Event "Polish University-ch Teams 2024"]
[Site "Lublin"]
[Date "2024.02.24"]
[Round "4.18"]
[White "Kaczmarska, Joanna"]
[Black "Giefert, Sara"]
[Result "1-0"]
[ECO "A05"]
[WhiteElo "1870"]
[BlackElo "1704"]
[Annotator "NA RC"]
[PlyCount "81"]
[EventDate "2024.02.22"]
[EventType "team-tourn"]
[EventCountry "POL"]
[SourceTitle "playchess.com"]
[Source "ChessBase"]
[SourceQuality "1"]
[TimeControl "900+5"]

1. Nf3 Nf6 2. g3 d6 3. d3 g6 4. Bg2 Bg7 5. O-O O-O 6. Nbd2 e5 7. e4 Nbd7 8. Nh4 c6 9. Qe1 Nh5 10. f4 f5 11. exf5 gxf5 12. Bf3 Qe8 13. Nc4 Nxf4 14. gxf4 Qe6 15. Ne3 e4 16. Bg2 d5 17. Kh1 Kh8 18. Nexf5 Rxf5 19. Bh3 Qh6 20. Bxf5 Bf6 21. Ng2 Nc5 22. dxe4 Nxe4 23. Bxe4 dxe4 24. f5 Qg7 25. Qxe4 Bd7 26. Bd2 Re8 27. Qd3 Bxb2 28. Rab1 Be5 29. Rxb7 Re7 30. Bf4 Bf6 31. Bd6 Re8 32. Bc5 Rd8 33. Rxa7 Be5 34. Qf3 Qh6 35. h3 Bc8 36. Qe3 Qf6 37. Re1 Re8 38. Be7 Rxe7 39. Rxe7 Qxe7 40. Qxe5+ Qxe5 41. Rxe5 1-0

[Event "Polish University-ch Teams 2024"]
[Site "Lublin"]
[Date "2024.02.24"]
[Round "4.19"]
[White "Zerebiec, Maurycy"]
[Black "Snihur, Piotr"]
[Result "1/2-1/2"]
[ECO "A25"]
[WhiteElo "1996"]
[BlackElo "2278"]
[Annotator "RC"]
[PlyCount "116"]
[EventDate "2024.02.22"]
[EventType "team-tourn"]
[EventCountry "POL"]
[SourceTitle "playchess.com"]
[Source "ChessBase"]
[SourceQuality "1"]
[TimeControl "900+5"]

1. c4 e5 2. Nc3 Nf6 3. e4 Bc5 4. g3 Nc6 5. Bg2 O-O 6. h3 a6 7. Nge2 d6 8. O-O Rb8 9. a4 Nd4 10. Rb1 c6 11. b4 Ba7 12. b5 Bd7 13. Nxd4 Bxd4 14. Ne2 Bc5 15. d4 exd4 16. Nxd4 Re8 17. Re1 Qc8 18. Kh2 axb5 19. axb5 Be6 20. Qd3 Nd7 21. f4 Nb6 22. Nxe6 Qxe6 23. Bf1 Ra8 24. e5 d5 25. cxd5 Qxd5 26. Qxd5 Nxd5 27. bxc6 bxc6 28. Bg2 Ra2 29. Rb2 Rea8 30. Ree2 Rxb2 31. Bxb2 Ra2 32. Bxd5 cxd5 33. Rc2 h5 34. Rxc5 Rxb2+ 35. Kg1 Rd2 36. Rc8+ Kh7 37. Rd8 Kg6 38. Rd7 f6 39. e6 Re2 40. Rxd5 Re4 41. f5+ Kg5 42. Kf2 g6 43. fxg6+ Kxg6 44. Rd6 Kf5 45. Kf3 Rxe6 46. Rxe6 Kxe6 47. Ke4 Ke7 48. Kf5 Kf7 49. h4 Kg7 50. Ke6 Kg6 51. Ke7 Kg7 52. Kd7 Kh7 53. Kd6 Kh6 54. Kd5 Kg7 55. Kd6 Kh6 56. Ke7 Kg7 57. Ke8 Kg8 58. Kd7 Kh7 1/2-1/2

[Event "Polish University-ch Teams 2024"]
[Site "Lublin"]
[Date "2024.02.24"]
[Round "4.20"]
[White "Sliwicka, Alicja"]
[Black "Jankowiak, Tomasz"]
[Result "1-0"]
[ECO "B12"]
[WhiteElo "2309"]
[BlackElo "2158"]
[Annotator "TA"]
[PlyCount "53"]
[EventDate "2024.02.22"]
[EventType "team-tourn"]
[EventCountry "POL"]
[SourceTitle "playchess.com"]
[Source "ChessBase"]
[SourceQuality "1"]
[TimeControl "900+5"]

1. e4 c6 2. d4 d5 3. e5 Bf5 4. h4 h5 5. Bd3 Bxd3 6. Qxd3 e6 7. Nf3 Qa5+ 8. Nc3 Nh6 9. O-O Nf5 {[%emt 0:00:13] The position is equal.} 10. Ne2 Be7 11. Bg5 Qa6 12. Qd2 Bxg5 13. hxg5 {[%emt 0:00:03][%cal Og5g6] Hoping for g6!} g6 14. Ng3 Nd7 ({Black should play} 14... Nxg3 $11 15. fxg3 c5) 15. Nxf5 $14 gxf5 16. b3 Nf8 17. Rfc1 Ng6 18. c4 O-O-O {[%emt 0:00:55] [#]} (18... dxc4 $14 19. bxc4 O-O) 19. c5 $1 $16 h4 {[%emt 0:00:27] [#]} (19... Kd7 $16) 20. a4 $1 $18 Rd7 $2 (20... h3) 21. b4 Kb8 {[%emt 0:02:27] [#]} 22. b5 $1 cxb5 23. axb5 Qxb5 24. Rcb1 Qc4 (24... Qc6 25. Qa2 Kc8) 25. Rb4 Nxe5 26. Nxe5 Qxb4 27. Nxd7+ {[%emt 0:00:07] Weighted Error Value: White=0.12 (very precise) /Black=0.99.  Mistake:       	---       	Black=5      Inaccurate:     	White=1     	Black=2      OK:         	White=5     	Black=5      Best:        	White=2     	---        Strong:       	White=2     	---} 1-0

[Event "Polish University-ch Teams 2024"]
[Site "Lublin"]
[Date "2024.02.24"]
[Round "4.21"]
[White "Turek, Michal"]
[Black "Brzezinski, Mateusz"]
[Result "0-1"]
[ECO "B33"]
[WhiteElo "1750"]
[BlackElo "2176"]
[Annotator "RC"]
[PlyCount "70"]
[EventDate "2024.02.22"]
[EventType "team-tourn"]
[EventCountry "POL"]
[SourceTitle "playchess.com"]
[Source "ChessBase"]
[SourceQuality "1"]
[TimeControl "900+5"]

1. e4 c5 2. Nf3 Nc6 3. d4 cxd4 4. Nxd4 Nf6 5. Nc3 e5 6. Ndb5 d6 7. Nd5 Nxd5 8. exd5 Ne7 9. c4 Ng6 10. Qa4 Bd7 11. Qb4 Qb8 12. h4 h5 13. g3 a6 14. Nc3 Be7 15. Be3 f5 16. Bd3 O-O 17. Bg5 Qd8 18. Bxe7 Qxe7 19. Be2 e4 20. Qb6 f4 21. O-O-O f3 22. Bf1 Bf5 23. Re1 Rac8 24. b3 Qf6 25. Re3 Rfe8 26. Bh3 Ne5 27. Bxf5 Qxf5 28. Nd1 Ng4 29. Rc3 Qf6 30. Kc2 e3 31. fxe3 Qe5 32. Qd4 Qxg3 33. Kc1 Qg2 34. Re1 f2 35. Nxf2 Qxf2 0-1

[Event "Polish University-ch Teams 2024"]
[Site "Lublin"]
[Date "2024.02.24"]
[Round "4.22"]
[White "Drozdowski, Konrad"]
[Black "Malek, Szymon"]
[Result "1-0"]
[ECO "E04"]
[WhiteElo "2117"]
[BlackElo "1604"]
[Annotator "ChessBase"]
[PlyCount "53"]
[EventDate "2024.02.22"]
[EventType "team-tourn"]
[EventCountry "POL"]
[SourceTitle "playchess.com"]
[Source "ChessBase"]
[SourceQuality "1"]
[TimeControl "900+5"]

1. Nf3 Nf6 2. g3 e6 3. Bg2 d5 4. O-O c5 5. d4 Nc6 6. c4 dxc4 7. Ne5 Nxe5 8. dxe5 Nd7 9. Qa4 Be7 10. Nd2 O-O 11. Nxc4 a6 12. Qc2 Rb8 13. Rd1 Qc7 14. f4 b5 15. Nd6 Rd8 16. Be3 c4 17. a4 Nc5 18. axb5 Bxd6 19. exd6 Rxd6 20. Qxc4 Rxb5 21. b4 Rxd1+ 22. Rxd1 h6 23. bxc5 Bb7 24. Bxb7 Qxb7 25. c6 Qc7 26. Qc3 Ra5 27. Rd7 1-0

[Event "Polish University-ch Teams 2024"]
[Site "Lublin"]
[Date "2024.02.24"]
[Round "4.23"]
[White "Zahorski, Bartosz"]
[Black "Sujkowski, Dominik"]
[Result "1/2-1/2"]
[ECO "B33"]
[WhiteElo "1396"]
[BlackElo "1562"]
[Annotator "NA RC"]
[PlyCount "126"]
[EventDate "2024.02.22"]
[EventType "team-tourn"]
[EventCountry "POL"]
[SourceTitle "playchess.com"]
[Source "ChessBase"]
[SourceQuality "1"]
[TimeControl "900+5"]

1. e4 c5 2. Nf3 Nc6 3. d4 cxd4 4. Nxd4 Nf6 5. Nc3 e5 6. Ndb5 d6 7. Nd5 Nxd5 8. exd5 Nb8 9. c4 Be7 10. Bd3 a6 11. Nc3 O-O 12. O-O Nd7 13. Be3 f5 14. f3 Bg5 15. Qd2 Bxe3+ 16. Qxe3 Nc5 17. b4 Nxd3 18. Qxd3 Qb6+ 19. Kh1 Qxb4 20. Rab1 Qc5 21. Na4 Qc7 22. c5 f4 23. cxd6 Qxd6 24. Rb6 Qd8 25. d6 Bd7 26. Qb3+ Kh8 27. Nc5 Bb5 28. Ne6 Qxb6 29. Nxf8 Rxf8 30. a4 Qxd6 31. axb5 Rd8 32. bxa6 bxa6 33. h3 Qd3 34. Qxd3 Rxd3 35. Rc1 h6 36. Rc8+ Kh7 37. Ra8 Rd6 38. Kh2 Kg6 39. h4 Kf5 40. Kh3 h5 41. Rf8+ Rf6 42. Rg8 g6 43. Ra8 e4 44. Re8 e3 45. g4+ fxg3 46. Rxe3 Kf4 47. Re4+ Kxf3 48. Re6 Rf4 49. Rxa6 Rg4 50. Ra3+ Kf4 51. Ra4+ Kf5 52. Rxg4 hxg4+ 53. Kxg3 g5 54. hxg5 Kxg5 55. Kg2 Kf4 56. Kf2 g3+ 57. Kg2 Kg4 58. Kg1 Kh3 59. Kh1 Kg4 60. Kg2 Kh4 61. Kg1 Kh3 62. Kh1 g2+ 63. Kg1 Kg3 1/2-1/2

[Event "Polish University-ch Teams 2024"]
[Site "Lublin"]
[Date "2024.02.24"]
[Round "4.24"]
[White "Rykala, Monika"]
[Black "Czarniecka, Aleksandra"]
[Result "0-1"]
[ECO "D02"]
[WhiteElo "1893"]
[BlackElo "1961"]
[Annotator "NA RC"]
[PlyCount "138"]
[EventDate "2024.02.22"]
[EventType "team-tourn"]
[EventCountry "POL"]
[SourceTitle "playchess.com"]
[Source "ChessBase"]
[SourceQuality "1"]
[TimeControl "900+5"]

1. d4 d5 2. Nf3 Nf6 3. Bf4 e6 4. e3 c5 5. c3 Nc6 6. Nbd2 Bd6 7. Bxd6 Qxd6 8. Be2 O-O 9. O-O e5 10. dxe5 Nxe5 11. Nxe5 Qxe5 12. Nf3 Qe7 13. h3 Bf5 14. Qb3 Rfd8 15. Rad1 h6 16. Rfe1 Be4 17. Nd2 Bg6 18. Bf3 Rd6 19. c4 Rb6 20. Qc3 Ne4 21. Nxe4 dxe4 22. Bg4 f5 23. Be2 Bf7 24. Rd2 Rd8 25. Red1 Rbd6 26. b3 b6 27. Qc2 Qe5 28. Rxd6 Rxd6 29. Rxd6 Qxd6 30. Qd1 Qxd1+ 31. Bxd1 Kf8 32. Kf1 g5 33. g3 Ke7 34. Kg2 Kf6 35. h4 gxh4 36. gxh4 Ke5 37. Kg3 Be8 38. Be2 a6 39. a4 Bd7 40. Bf1 Bc6 41. Be2 Be8 42. h5 Bd7 43. Bf1 Bc6 44. Be2 Be8 45. f3 exf3 46. Bxf3 Bf7 47. Bb7 Bxh5 48. Bxa6 Bd1 49. Bb5 Bxb3 50. Kf3 h5 51. Be8 Bd1+ 52. Kg3 Ke4 53. Bg6 Bg4 54. Kf2 Kd3 55. Bf7 h4 56. Bd5 Bd1 57. Be6 Ke4 58. Bd5+ Ke5 59. Bc6 Bb3 60. Bb5 Ke4 61. Ke2 h3 62. Bc6+ Ke5 63. Kf3 Bxc4 64. Kg3 Bf1 65. Kf2 Bg2 66. Bb5 Kd5 67. Kg3 c4 68. Ba6 c3 69. Bd3 Be4 0-1

[Event "Polish University-ch Teams 2024"]
[Site "Lublin"]
[Date "2024.02.24"]
[Round "5.1"]
[White "Janik, Igor"]
[Black "Baum, Jonasz"]
[Result "1-0"]
[ECO "A20"]
[WhiteElo "2499"]
[BlackElo "2400"]
[Annotator "TA"]
[PlyCount "111"]
[EventDate "2024.02.22"]
[EventType "team-tourn"]
[EventCountry "POL"]
[SourceTitle "playchess.com"]
[Source "ChessBase"]
[SourceQuality "1"]
[TimeControl "900+5"]

1. a3 e5 2. c4 Nf6 3. d3 Nc6 4. Nf3 d5 5. cxd5 Nxd5 6. e3 {[%emt 0:00:00] A20: English Opening: 1...e5.} Be7 7. b4 Bf6 8. Ra2 Be6 $146 ({Predecessor:} 8... O-O 9. Rd2 Qe7 10. Bb2 Bg4 11. Be2 Rad8 12. Nc3 Nxc3 13. Bxc3 e4 14. Bxf6 Qxf6 {½-½ Damia,A (2313)-Calavalle,G (2275) Lignano Sabbiadoro op 4th 2018 (3)}) 9. Rd2 Qe7 10. Bb2 a6 11. Be2 g5 12. Rc2 Nb6 13. Nfd2 Bg7 14. Nc3 f5 $1 15. Bh5+ Bf7 16. Nc4 O-O 17. Nxb6 cxb6 18. Bxf7+ Qxf7 19. O-O Rad8 20. Rd2 Rd6 21. Qa1 Rfd8 22. Rfd1 Qh5 23. Qa2+ Kh8 24. Ne2 f4 25. Qc4 Rh6 (25... b5 {simplifies} 26. Qe4 Qf7 27. d4 exd4 28. exf4 gxf4 29. Qxf4 Qxf4 30. Nxf4 Bh6) 26. h3 g4 27. exf4 gxh3 28. Ng3 Qh4 {[%emt 0:01:42] [#]} (28... Qg6 $14) 29. fxe5 ({White must play} 29. Nf5 $1 $16 Qg4 (29... h2+ $2 30. Kh1 $18) 30. Qe4) 29... Nd4 $1 $11 30. Bxd4 hxg2 31. Kxg2 Rxd4 32. Qc8+ Rd8 33. Qxb7 ({Not} 33. Qf5 $2 Rf8 $19) 33... Qh2+ ({Much worse is} 33... Bxe5 $6 34. Rh1 (34. Qxa6 {gets mated.} Qh3+ 35. Kf3 Bxg3 36. Qb7 Rf6+ 37. Ke3 Qh6+ 38. Ke2 Rxf2+ 39. Ke1 Qe3+) 34... Qg5 35. Rxh6 Qxh6 36. Re2 $16) 34. Kf1 Rf8 35. Qg2 Bxe5 36. Qxh2 Rxh2 37. Ne4 Bd4 38. Rc2 h5 39. Kg1 Rh4 (39... Be5 $14) 40. Rc4 (40. Rc6 $16) 40... Rg4+ (40... Be5 $14) 41. Kf1 $16 Bb2 (41... Rd8 $142 42. Ke2 Kg7) 42. Ke2 h4 ({Black should play} 42... Bxa3 43. Rb1 a5) 43. Rc6 $16 Bxa3 44. Rxb6 Bb2 45. Rxa6 Kg7 46. Rh1 Rc8 (46... Be5 {was worth a try.} 47. Ra7+ Rf7 48. Rxf7+ Kxf7) 47. Kf3 $18 Rg6 48. Rxg6+ Kxg6 49. Rxh4 Rb8 50. Rg4+ Kf7 51. Ke2 (51. b5 $142) 51... Ke6 (51... Ba3 {was called for.} 52. Nd6+ Kf8 53. Rf4+ Kg8 54. Rg4+ Kh7) 52. Nc5+ $18 Kd5 53. Rc4 Ba3 54. Na6 Rb6 55. Nc7+ Ke5 $2 (55... Kd6 56. b5 Kd7) 56. Rc5+ 1-0

[Event "Polish University-ch Teams 2024"]
[Site "Lublin"]
[Date "2024.02.24"]
[Round "5.2"]
[White "Szustakowski, Antoni"]
[Black "Kowalski, Igor"]
[Result "0-1"]
[ECO "D10"]
[WhiteElo "2354"]
[BlackElo "2372"]
[Annotator "TA"]
[PlyCount "44"]
[EventDate "2024.02.22"]
[EventType "team-tourn"]
[EventCountry "POL"]
[SourceTitle "playchess.com"]
[Source "ChessBase"]
[SourceQuality "1"]
[TimeControl "900+5"]

1. d4 d5 2. c4 c6 3. Nc3 Nf6 4. e3 Bf5 5. cxd5 cxd5 6. Qb3 Nc6 7. Qxb7 Bd7 {[%emt 0:00:01] And now ...Rb8 would win.} 8. Qb3 Rb8 {[%emt 0:00:08] The position is equal.} 9. Qd1 e5 10. dxe5 Nxe5 11. Be2 (11. Nxd5 Nxd5 12. Qxd5 Bb4+ 13. Bd2 Bxd2+ 14. Qxd2 Qf6 $17) 11... Bd6 12. Nf3 (12. Nxd5 $2 Nxd5 13. h3 (13. Qxd5 $2 Bc6 $19) 13... Be6 $19) 12... O-O 13. O-O ({Much worse is} 13. Nxd5 Nxf3+ 14. Bxf3 Nxd5 15. Qxd5 Be6 $15) 13... Qe7 14. g3 Rfd8 15. Nxe5 Bxe5 16. Bf3 (16. Nxd5 $2 {perishes.} Nxd5 17. Qxd5 Bh3 $19 (17... Bxb2 18. Bxb2 Rxb2 19. Qf3 $11)) 16... Bh3 17. Re1 Qe6 18. Qc2 ({White should try} 18. Ne2 $1 $11) 18... Bf5 19. Qa4 Bxc3 20. bxc3 Be4 {[%emt 0:00:01] Threatens to win with ...Qh3.} 21. Be2 {[%emt 0:01:55] [#]} (21. Bg2 $11 {remains equal.}) 21... Qh3 $1 $17 {[%emt 0:00:06][%csl Ge4][%cal Rh3g2][%mdl 1024] Black has strong compensation. Black is more active.} 22. f3 $2 {[%emt 0:00:22][%mdl 8192] [#]} (22. Bf1 $17 Qf5 23. Be2) 22... Ng4 $1 {[%emt 0:00:04][%mdl 512] Weighted Error Value: White=0.54/Black=0.08 (flawless) .  Loses game:     	White=1     	---        Mistake:       	White=2     	---        Inaccurate:     	White=1     	Black=1      OK:         	White=5     	Black=4      Best:        	---       	Black=1      Strong:       	---       	Black=1} 0-1

[Event "Polish University-ch Teams 2024"]
[Site "Lublin"]
[Date "2024.02.24"]
[Round "5.3"]
[White "Molenda, Marcin"]
[Black "Koziorowicz, Michal"]
[Result "1-0"]
[ECO "E01"]
[WhiteElo "2377"]
[BlackElo "2324"]
[Annotator "TA"]
[PlyCount "135"]
[EventDate "2024.02.22"]
[EventType "team-tourn"]
[EventCountry "POL"]
[SourceTitle "playchess.com"]
[Source "ChessBase"]
[SourceQuality "1"]
[TimeControl "900+5"]

1. d4 e6 2. c4 Nf6 3. g3 c5 4. Nf3 cxd4 5. Nxd4 d5 6. Bg2 e5 7. Nf3 d4 8. O-O Nc6 9. e3 Bg4 10. h3 Bxf3 11. Bxf3 Bc5 {[%emt 0:00:32] The position is equal.} 12. exd4 Bxd4 13. Nd2 O-O 14. Nb3 Rc8 15. Bg2 h6 16. Nxd4 Nxd4 17. b3 b5 18. cxb5 Qa5 (18... Nd5 $11) 19. a4 $1 $16 Rfd8 {[%emt 0:00:03] ...Nc2 would now be deadly.} 20. Bd2 Qb6 21. Rc1 Rxc1 22. Bxc1 {[%emt 0:00:02] A strong pair of Bishops.} Nxb5 $1 23. Qe1 Nd4 24. b4 (24. Qxe5 $5 Re8 (24... Qxb3 25. Bxh6 Qc3 26. Kh1 $18) 25. a5 $14) 24... e4 25. Be3 (25. Bxe4 $2 {perishes.} Re8 (25... Nxe4 26. Qxe4 Qxb4 27. Kh1 $15) 26. a5 Qb5 $19) 25... Qa6 26. Bxd4 Rxd4 27. Qc3 Qc4 28. Qxc4 Rxc4 $11 {[%emt 0:00:01][%mdl 4096] Endgame. KRB-KRN} 29. Rb1 Nd5 30. Rd1 Nxb4 31. Rd8+ Kh7 32. Rd7 f5 33. Rxa7 Nd3 34. a5 Rc2 35. g4 Rc1+ 36. Kh2 Kg6 37. gxf5+ Kf6 (37... Kxf5 $14 38. Rxg7 Ra1) 38. Bxe4 $16 Nxf2 39. Bg2 {[%emt 0:00:07] White is more active.} (39. Ra6+ $1 $16 Ke5 40. Re6+ Kf4 41. Bg2 Kxf5 42. Re3) 39... Rc2 {[%emt 0:00:00] [#]} ({Black should try} 39... Nd1 $14) 40. Rd7 $1 $18 {[%emt 0:00:48] aiming for a6.} Ra2 41. Kg3 {[%emt 0:00:07][%cal Od7f7] Rf7+! is the strong threat.} Kxf5 42. Rf7+ ({Worse is} 42. Rxg7 Ne4+ 43. Bxe4+ Kxe4 $11) 42... Ke6 43. Rxf2 Rxa5 {[%emt 0:00:00] KRB-KR} 44. Bf3 Ra3 45. Kg4 Ra4+ $2 (45... g6 46. Bb7 Ra4+ 47. Kg3 Ke7) 46. Kg3 (46. Kh5 $142) 46... Ra3 47. Rb2 Ra7 (47... g6 $142 48. Kg2 Ra6) 48. Rb6+ Ke7 49. Bd5 Rd7 50. Be4 Ra7 (50... Rd6 {is a better defense.} 51. Rb1 Re6) 51. Kf4 {[%emt 0:00:21] Threatens to win with Ke5.} Ra1 $2 (51... Ra3 {might work better.} 52. Bf5 Ra1) 52. Ke5 Ra5+ $2 (52... h5 $18 53. Re6+ Kd8) 53. Bd5 Ra7 54. Rg6 Kf8 55. Rg3 Ra6 56. Rf3+ Ke8 57. Rb3 {[%emt 0:00:19] Threatening mate with Rb8+.} Ra7 58. Rb8+ Ke7 59. Rg8 {[%emt 0:00:02] White mates.} Ra3 60. Rxg7+ Kf8 61. Rc7 Rxh3 62. Kf6 Re3 63. Be6 Rf3+ {[%emt 0:00:02] [#]} 64. Bf5 $1 Re3 65. Rh7 Kg8 66. Rxh6 Rf3 67. Rh4 Rf1 68. Rc4 {[%emt 0:00:04] Weighted Error Value: White=0.16 (very precise) /Black=0.52.  Mistake:       	White=2     	Black=8      Inaccurate:     	White=2     	Black=1      OK:         	White=21    	Black=13     Best:        	White=4     	Black=3      Strong:       	White=2     	Black=1} 1-0

[Event "Polish University-ch Teams 2024"]
[Site "Lublin"]
[Date "2024.02.24"]
[Round "5.4"]
[White "Karpus, Michal"]
[Black "Chylewski, Patryk"]
[Result "1-0"]
[ECO "C25"]
[WhiteElo "2243"]
[BlackElo "2285"]
[Annotator "TA"]
[PlyCount "97"]
[EventDate "2024.02.22"]
[EventType "team-tourn"]
[EventCountry "POL"]
[SourceTitle "playchess.com"]
[Source "ChessBase"]
[SourceQuality "1"]
[TimeControl "900+5"]

1. e4 e5 2. Bc4 Nc6 3. Nc3 Bc5 4. d3 d6 5. f4 {[%emt 0:00:30] [#]} Bxg1 $1 6. Rxg1 Qh4+ 7. Kf1 Bg4 (7... Qxh2 $6 8. Nd5 Kd8 9. f5 $11) (7... exf4 8. Qe1 Qxe1+ (8... Qxh2 9. Nd5 $11) 9. Kxe1 $11) 8. Qd2 {[%emt 0:00:40] Black is better.} Qxh2 9. Nd5 O-O-O 10. Qf2 Nd4 11. Ne3 (11. fxe5 $17 dxe5 12. Bg5) 11... h5 $2 (11... Qxf4 12. c3 $16) (11... Nf6 $19 {aiming for ...d5.} 12. fxe5 dxe5) 12. c3 $11 Nc6 (12... Ne6 $11) 13. f5 $14 Nh6 {[%emt 0:00:15] White stays focused until the end.} (13... Rd7 $14) 14. Ke1 $16 Qf4 15. Nxg4 Qxg4 16. Rh1 g5 {[%emt 0:00:34] [#] Against Rh4} (16... d5 $16) 17. Bb3 $1 $18 Nxf5 (17... h4 {was worth a try.}) 18. exf5 (18. Qxf5+ Qxf5 19. exf5 f6 20. Be6+ Kb8 $18) 18... Ne7 19. Bxf7 ({Not} 19. Qxa7 c5 $16 (19... Qxg2 $2 20. Rg1 $18)) 19... Kb8 20. Be3 Rdf8 21. Be6 (21. Bxa7+ Ka8 22. Be6 Rh6 $16) 21... Nxf5 $2 (21... h4 22. Qe2 (22. Bxa7+ Ka8 $18) 22... Qxe2+ 23. Kxe2 Nxf5 24. Bxf5 (24. Bxg5 Ng3+ 25. Ke3 Nxh1 $18) 24... Rxf5) 22. Rf1 {[%emt 0:00:07] White is clearly winning.} Qh4 23. Bxf5 Rxf5 24. Bxa7+ Ka8 25. Qxh4 Rxf1+ 26. Kxf1 gxh4 {[%emt 0:00:01][%mdl 4096] Endgame. KRB-KR} 27. Bf2 Rf8 28. Kg1 h3 29. gxh3 Rf3 30. Rd1 Kb8 31. Kg2 Rf7 32. Rf1 {[%emt 0:00:07][%cal Of2a7] Hoping for Ba7+!} Kc8 33. Be3 Rg7+ 34. Kf3 Kd7 35. Rg1 Rf7+ 36. Ke2 Ke6 37. Rg6+ Kd5 38. Rg5 Rh7 39. b4 b5 40. d4 Ke4 41. dxe5 dxe5 42. Bf2 Kf4 43. Rg6 Rd7 44. Rh6 Kg5 45. Re6 Kf5 46. Rc6 Ke4 47. c4 bxc4 48. Rxc4+ Kf5 49. a4 {[%emt 0:00:02] Weighted Error Value: White=0.22 (precise) /Black=0.55.  Missed win:     	---       	Black=1      Mistake:       	White=1     	Black=5      Inaccurate:     	White=1     	---        OK:         	White=15    	Black=10     Best:        	White=5     	Black=2      Strong:       	White=1     	---} 1-0

[Event "Polish University-ch Teams 2024"]
[Site "Lublin"]
[Date "2024.02.24"]
[Round "5.5"]
[White "Antolak, Julia"]
[Black "Kaminski, Maciej"]
[Result "1-0"]
[ECO "E73"]
[WhiteElo "2309"]
[BlackElo "1869"]
[Annotator "TA"]
[PlyCount "69"]
[EventDate "2024.02.22"]
[EventType "team-tourn"]
[EventCountry "POL"]
[SourceTitle "playchess.com"]
[Source "ChessBase"]
[SourceQuality "1"]
[TimeControl "900+5"]

1. d4 Nf6 2. c4 g6 3. Nc3 Bg7 4. e4 d6 5. Be2 O-O 6. Be3 e5 7. d5 a5 8. h4 h5 9. Qc2 {[%emt 0:00:02] White is more active.} Ng4 10. Bxg4 {[%emt 0:00:03] White is slightly better.} Bxg4 11. f3 Bd7 12. O-O-O f5 13. Bg5 Bf6 14. Nh3 f4 15. Bxf6 Qxf6 16. Ng5 Na6 17. Kb1 Nc5 18. Rhg1 Kg7 19. g3 a4 20. Rg2 fxg3 21. Rxg3 Qf4 (21... Qd8 $11) 22. Rdg1 $16 Be8 {[%emt 0:00:03] [#] Loses the game.} (22... Qxh4 $2 23. Ne6+ Bxe6 24. Rxg6+ Kf7 25. dxe6+ Nxe6 26. Qd2 $18 (26. Nxa4 $2 Rg8 $19)) (22... Rg8 $16 {is a better defense.}) 23. Ne6+ $1 $18 Nxe6 24. dxe6 {[%emt 0:00:01] Black must now prevent Nd5.} Qe3 $2 (24... c6 25. Qd3 (25. Nxa4 Qe3 $11) 25... a3 26. Qxd6 axb2 27. Qe7+ (27. Kxb2 b6 $18) 27... Kh8 28. Qxb7 (28. Kxb2 b6 $11) 28... Ra5) 25. Nd5 Qd4 26. Qg2 Qd3+ 27. Ka1 Rf6 28. Nxf6 {[%emt 0:00:02][%cal Rg3g6] [#] White threatens Rxg6+ and mate.} a3 29. Rxg6+ {[%emt 0:00:17] White mates.} Kf8 30. Rg8+ Ke7 31. Qg7+ Kxe6 32. Rxe8+ (32. Nxe8 {gets mated.} axb2+ 33. Kxb2 Qd2+ 34. Kb1 Qxa2+ 35. Kc1 Qa1+ (35... Qxc4+ {leads to mate.} 36. Kd1 Ra1+ 37. Kd2 Ra2+ 38. Kd1 Qe2+ 39. Kc1 Qc2#) 36. Kc2 Ra2+ 37. Kd3 Qd4#) 32... Rxe8 33. Qd7+ Kxf6 34. Qg7+ Ke6 35. Rg6# {[%emt 0:00:01] Weighted Error Value: White=0.05 (flawless) /Black=0.78.  Mistake:       	---       	Black=3      Inaccurate:     	White=2     	Black=2      OK:         	White=5     	Black=5      Best:        	White=1     	Black=1      Strong:       	White=1     	---} 1-0